 Dungeon Crawl Stone Soup version 0.31.0-10-gcf4a605ca0 (webtiles) character file.

Game seed: 15970534338566103996

753 Flugkiller the Trooper (level 7, -15/46 HPs)
             Began as a Gargoyle Fighter on Jan 25, 2024.
             Demolished by an ogre
             ... wielding a +0 giant club
              (24 damage)
             ... on level 5 of the Dungeon.
             The game lasted 00:06:19 (4783 turns).

Flugkiller the Trooper (Gargoyle Fighter)           Turns: 4783, Time: 00:06:20

Health: -15/46     AC: 13    Str: 33    XL:     7   Next: 78%
Magic:  7/7        EV: 10    Int:  9    God:
Gold:   290        SH:  4    Dex:  9    Spells: 6/6 levels left

rFire   . . .        a - +0 war axe
rCold   . . .        c - +0 buckler
rNeg    + . .        b - +0 scale mail
rPois   ∞            (no helmet)
rElec   +            (no cloak)
rCorr   .            (no gloves)
SInv    .            g - +0 pair of boots
Will    .....        (no amulet) Stlth
                     l - +6 ring of strength
HPRegen 0.27/turn    v - +6 ring of strength
MPRegen 0.10/turn

%: no passive effects
@: about to teleport
A: sickness immunity, AC +4, negative energy resistance 1, electricity
resistance, torment resistance 1, petrification resistance
a: no special abilities


You were on level 5 of the Dungeon.
You visited 1 branch of the dungeon, and saw 5 of its levels.
You also visited: Sewer.

You collected 290 gold pieces.

Inventory:

Hand Weapons
 a - a +0 war axe (weapon)
Missiles
 w - a throwing net (quivered)
Armour
 b - a +0 scale mail (worn)
 c - a +0 buckler (worn)
 g - a +0 pair of boots (worn)
   (You found it on level 1 of the Dungeon)
Jewellery
 l - a +6 ring of strength (left hand)
   (You found it on level 2 of the Dungeon)
 p - a ring of protection from fire
   (You found it on level 3 of the Dungeon)
 v - a +6 ring of strength (right hand)
   (You found it on level 5 of the Dungeon)
Scrolls
 f - a scroll of immolation
 n - a scroll of enchant weapon
 r - 2 scrolls of identify
 s - a scroll of revelation
 t - a scroll of teleportation
 u - a scroll of amnesia {unknown}
Potions
 d - 2 potions of might
 e - a potion of mutation {unknown}
 h - 3 potions of haste
 i - 2 potions of heal wounds {unknown}
 j - 4 potions of enlightenment
 k - 2 potions of degeneration
 m - a potion of attraction {unknown}
 o - a potion of invisibility {unknown}
 q - a potion of curing


   Skills:
 - Level 6.2 Fighting
 - Level 4.7 Axes
 - Level 4.9 Armour
 - Level 4.9 Shields
 + Level 0.0 Evocations


You had 6 spell levels left.
You didn't know any spells.
Your spell library contained the following spells:

 Spells                   Type           Power      Damage    Failure   Level
 Magic Dart               Conj           0%         1d3       65%         1
 Blink                    Tloc           0%         N/A       78%         2
 Call Imp                 Summ           0%         N/A       78%         2
 Mercury Vapours          Alch/Air       0%         N/A       78%         2
 Mephitic Cloud           Conj/Alch/Air  0%         N/A       95%         3
 Brom's Barrelling Bould  Conj/Erth      0%         2d3       100%        4
 Fireball                 Conj/Fire      0%         3d3       100%        5
 Freezing Cloud           Conj/Ice/Air   0%         6-21      100%        5
 Iskenderun's Battlesphe  Conj           0%         2d6       100%        5
 Conjure Ball Lightning   Conj/Air       0%         3x3d6     100%        6
 Orb of Destruction       Conj           0%         9d5       100%        7


Dungeon Overview and Level Annotations

Branches:
Dungeon (5/15) Zot: 25704   Sewer (visited)
 Temple: D:4-7

Altars:
Trog

Annotations:
D:3 1 runed translucent door, Crazy Yiuf


Innate Abilities, Weirdness & Mutations

You are immune to sickness and miasma.
Your stone body is resilient. (AC +4)
You are immune to poison.
You resist negative energy. (rN+)
You are resistant to electric shocks. (rElec)
You are resistant to unholy torment.
You are immune to petrification.


Message History

The phantom attacks as it pursues you! The phantom barely misses you.
The phantom attacks as it pursues you! The phantom hits you.
The phantom attacks as it pursues you!
The phantom hits you but does no damage.
There is a stone staircase leading up here.
You climb upwards.
There is a stone staircase leading down here.
Things that are here:
a +0 flail; a gnoll skeleton HP restored.
There is a stone staircase leading down here.
You climb downwards.
There is a stone staircase leading up here.
x - a wand of paralysis (6)
A phantom is nearby!
The phantom hits you but does no damage.
You closely miss the phantom. You block the phantom's attack.
You miss the phantom.
The phantom hits you but does no damage.
You slash the phantom!
The phantom is moderately damaged.
The phantom hits you but does no damage. x2
You barely miss the phantom.
The phantom is moderately damaged.
The phantom hits you.
You barely miss the phantom.
The phantom is moderately damaged.
The phantom barely misses you.
You miss the phantom.
The phantom is moderately damaged.
The phantom hits you but does no damage.
The phantom closely misses you.
You slash the phantom!
The phantom is almost destroyed.
The phantom hits you.
You hit the phantom but do no damage.
The phantom is almost destroyed.
The phantom hits you but does no damage.
You barely miss the phantom.
The phantom is almost destroyed.
The phantom barely misses you.
You closely miss the phantom.
The phantom is almost destroyed.
The phantom closely misses you.
The phantom hits you but does no damage.
You hit the phantom.
You destroy the phantom!
No target in view!
HP restored.
Found an escape hatch in the ceiling.
Found a blade talisman.
Unknown command.
Found a stone staircase leading down.
An ogre is nearby!
Unknown command.
Aiming: Paralyse
Press: ? - help, Shift-Dir - straight line, f - ogre
Aim: an ogre, wielding a +0 giant club (chance to affect: 49%)
The ogre resists with some effort.
Aiming: Paralyse
Press: ? - help, Shift-Dir - straight line, f/p - ogre
Aim: an ogre, wielding a +0 giant club (chance to affect: 49%)
The ogre resists with some effort.
Aiming: Paralyse
Press: ? - help, Shift-Dir - straight line, f/p - ogre
Aim: an ogre, wielding a +0 giant club (chance to affect: 49%)
The ogre resists with some effort.
Aiming: Paralyse
Press: ? - help, Shift-Dir - straight line, f/p - ogre
Aim: an ogre, wielding a +0 giant club (chance to affect: 49%)
The ogre resists with some effort.
You block the ogre's attack.
Aiming: Paralyse
Press: ? - help, Shift-Dir - straight line, f/p - ogre
Aim: an ogre, wielding a +0 giant club (chance to affect: 49%)
The ogre resists with some effort.
Aiming: Paralyse
Press: ? - help, Shift-Dir - straight line, f/p - ogre
Aim: an ogre, wielding a +0 giant club (chance to affect: 49%)
The ogre resists with some effort.
The now-empty wand crumbles to dust.
The ogre barely misses you.
You hit the ogre.
The ogre is lightly wounded.
The ogre hits you with a +0 giant club!!
Ouch! That really hurt!
You are too injured to fight recklessly!
You are too injured to fight recklessly!
You hit the ogre.
The ogre is moderately wounded.
The ogre hits you with a +0 giant club!!
* * * LOW HITPOINT WARNING * * *
Okay, then.
You feel better. The ogre barely misses you.
Okay, then.
As you read the scroll of teleportation, it crumbles to dust.
You feel strangely unstable.
Unknown command.
The ogre attacks as it pursues you!
The ogre hits you with a +0 giant club!!
Ouch! That really hurt!
You die...

.....####..#.#.....
.....# #....#...%#
.....### #..#....#
#....#.##.#.......##
#.......##.........#
.....#.##..###.....#
>..#####...# #..>.##
#....##....# ####O#
.....#.....# #@.#
.......#...#####.##
......>##.....##.#
.......#.<#......###
.......#..#####....#
.......#..# #..#..#
.......#..# #..##..#
.......#..# ...# #.#
.#.....#..# ..#.# .#


You could see an ogre.

Vanquished Creatures
  A black bear (D:5)
  2 phantoms
  A brain worm (Sewer)
  A hound (D:4)
  A gnoll bouda (D:5)
  An orc priest (D:3)
  An orc wizard (D:3)
  7 gnolls
  7 adders
  4 river rats (Sewer)
  A shadow imp (D:5)
  2 ufetubi (D:5)
  5 dart slugs
  7 ribbon worms
  8 orcs
  10 ball pythons
  6 endoplasms
  7 giant cockroaches
  9 goblins
  9 hobgoblins
  6 jackals
  6 kobolds
  10 quokkas
  14 bats
  5 frilled lizards
  A rat (D:4)
132 creatures vanquished.

Notes
Turn   | Place    | Note
-------+----------+-------------------------------------------
     0 | D:1      | Flugkiller the Gargoyle Fighter began the quest for the
                  | Orb.
     0 | D:1      | Reached XP level 1. HP: 14/14 MP: 1/1
   338 | D:1      | Reached XP level 2. HP: 19/19 MP: 2/2
  1040 | D:1      | Reached XP level 3. HP: 20/24 MP: 3/3
  1352 | D:2      | Reached skill level 4 in Fighting
  1430 | D:2      | Reached XP level 4. HP: 29/29 MP: 4/4
  2267 | D:3      | Reached XP level 5. HP: 34/34 MP: 5/5
  2760 | D:3      | Found a runed translucent door.
  2761 | D:3      | Noticed Crazy Yiuf
  3128 | D:4      | Found a bloodstained altar of Trog.
  3196 | D:4      | Noticed a phantom
  3217 | D:4      | Killed a phantom
  3218 | D:4      | Reached skill level 5 in Fighting
  3218 | D:4      | Reached XP level 6. HP: 40/40 MP: 6/6
  3432 | D:4      | Found a glowing drain.
  3436 | Sewer    | Entered a sewer
  3769 | Sewer    | Reached XP level 7. HP: 36/44 MP: 5/7
  4270 | D:5      | Entered Level 5 of the Dungeon
  4562 | D:5      | Reached skill level 6 in Fighting
  4780 | D:5      | HP: 1/46 [ogre/+0 giant club (20)]
  4783 | D:5      | Demolished by an ogre

Illustrated notes

Levels and vault maps discovered:
D:1:      matt_arrival_los_fun, layout_basic
D:2:      layout_basic, minmay_unequal
D:3:      layout_basic, kennysheep_generic_room_10, uniq_crazy_yiuf_cottage
D:4:      layout_cave_pools, trog_hazing_becter, gup_sewer_entry_bowl
D:5:      layout_rooms, minmay_temple_entry_enclosed_plants,
          hangedman_decor_riveting, nrook_loot_triangle, minmay_mini_ossuary

Skill      XL: |  1  2  3  4  5  6  7 |
---------------+----------------------+-----
Axes           | 2 3 4 |  4.7
Fighting       | 4 5 6 |  6.2
Armour         | 4 |  4.9
Shields        | 4 |  4.9

Action                     |  1- 3 |  4- 6 |  7- 9 || total
---------------------------+-------+-------+-------++-------
  Melee: War axe           |   114 |   277 |   101 ||   492
  Evoke: Wand              |       |       |     6 ||     6
    Use: Scroll            |     1 |     5 |     2 ||     8
         Potion            |       |     3 |     1 ||     4
 Armour: Scale mail        |    94 |   312 |   135 ||   541
  Dodge: Dodged            |    50 |   205 |    68 ||   323
  Block: Buckler           |    20 |   100 |    32 ||   152
